 Dungeon Crawl Stone Soup version 0.17-a0-1667-g4ca74a1 (webtiles) character file.

51 Promi the Conjurer (level 3, -8/19 HPs)
             Began as a Deep Elf Conjurer on Aug 17, 2015.
             Mangled by a gnoll
             ... wielding a +0 spear
              (12 damage)
             ... on level 2 of the Dungeon.
             The game lasted 00:05:21 (1312 turns).

Promi the Conjurer (Deep Elf Conjurer)              Turns: 1312, Time: 00:05:21

Health: -8/19      AC:  3    Str:  6    XL:     3   Next: 58%
Magic:  5/10       EV: 13    Int: 19    God:
Gold:   108        SH:  0    Dex: 15    Spells: 2 memorised, 6 levels left

rFire  . . .     SeeInvis .     k - +0 dagger
rCold  . . .     Clarity  .     a - +0 robe
rNeg   . . .     SustAt   .     (no shield)
rPois  .         Gourm    .     (no helmet)
rElec  .         Spirit   .     i - +0 cloak
rCorr  .         Warding  .     (no gloves)
rMut   .         Stasis   .     (no boots)
MR     .....                    (no amulet)
Stlth  ++........               (no ring)
                                (no ring)

@: not resistant to hostile enchantments, unstealthy
A: no striking features
a: no special abilities


You were on level 2 of the Dungeon.
You were not hungry.

You visited 1 branch of the dungeon, and saw 2 of its levels.

You collected 108 gold pieces.

Inventory:

Hand weapons
 f - a +0 club
 k - a +0 dagger (weapon)
Armour
 a - a +0 robe (worn)
 h - a +0 leather armour
 i - a +0 cloak (worn)
Scrolls
 d - a scroll of fog {unknown}
 g - 2 scrolls of magic mapping {unknown}
 j - a scroll of identify {unknown}
 m - a scroll of noise {unknown}
 n - 2 scrolls of teleportation {unknown}
Potions
 e - a potion of might {unknown}
 l - a potion of resistance {unknown}
Books
 b - a book of Conjurations

   Spells                             Type                      Level
   a - Magic Dart                     Conjuration                  1
   b - Searing Ray                    Conjuration                  2
   c - Dazzling Spray                 Conjuration/Hexes            3
   d - Fulminant Prism                Conjuration/Hexes            4
   e - Iskenderun's Mystic Blast      Conjuration                  4
   f - Iskenderun's Battlesphere      Conjuration/Charms           5
Comestibles
 c - a bread ration


   Skills:
 + Level 1.0 Armour
 + Level 3.3 Dodging
 + Level 2.8 Stealth
 + Level 3.7 Spellcasting
 + Level 4.6 Conjurations


You had 6 spell levels left.
You knew the following spells:

 Your Spells              Type           Power        Failure   Level  Hunger
a - Magic Dart            Conj           ###.         1%          1    None
b - Searing Ray           Conj           ###...       3%          2    ##.....


Dungeon Overview and Level Annotations

Branches:
Dungeon (2/15)

Altars:
Elyvilon

Annotations:
D:2 1 exclusion


Message History

The gnoll is moderately wounded.
The gnoll closely misses you. The gnoll completely misses you.
The searing ray hits the gnoll.
The gnoll is moderately wounded.
The gnoll closely misses you.
The gnoll hits you from afar with a spear.
The searing ray hits the gnoll.
The gnoll is almost dead.
The gnoll closely misses you.
The gnoll hits you from afar with a spear!
* * * LOW HITPOINT WARNING * * *
The searing ray hits the gnoll.
You kill the gnoll!
Your Armour skill increases to level 1!
The searing ray hits the gnoll.
The gnoll is almost dead.
The gnoll misses you.
The gnoll hits you from afar with a spear!
Ouch! That really hurt!
You die...

...######.....##.#
...+..........##.#
#######
...####....#####.#
#.....# ...+.......#
#.######.###.##
...###.....#
#.#........g.... ...#
#.....#
#.#...####.#.###
...###....)# #.#...# .#
...........# #.#...# g
....#....### #@#...# .g
....#....# #..g..# ..
....#....#
##########.g...
....'....# #........
....#...#############.#
......................#
#######################
.......# ######.#


You could see a gnoll.

Vanquished Creatures
  2 gnolls (D:2)
  A worm (D:2)
  2 bats
  A giant cockroach (D:1)
  2 goblins (D:1)
  5 hobgoblins
  2 jackals (D:2)
  6 kobolds
  2 giant newts (D:1)
  5 rats
28 creatures vanquished.

Notes
Turn   | Place    | Note
--------------------------------------------------------------
     0 | D:1      | Promi the Deep Elf Conjurer began the quest for the Orb.
     0 | D:1      | Reached XP level 1. HP: 10/10 MP: 6/6
   261 | D:1      | Reached XP level 2. HP: 15/15 MP: 6/8
   265 | D:1      | Learned a level 2 spell: Searing Ray
   728 | D:2      | Found a white marble altar of Elyvilon.
  1214 | D:2      | Reached XP level 3. HP: 19/19 MP: 7/10
  1311 | D:2      | Reached skill level 1 in Armour
  1312 | D:2      | Mangled by a gnoll

Vault maps used:
D:1:      evilmike_arrival_home_sweet_home
D:2:      grunt_temple_overflow_open

Action                   || total
-------------------------++-------
Melee: Dagger            ||     5
 Cast: Magic Dart        ||    52
       Searing Ray       ||     2
  Eat: Chunk             ||     1
